 Dungeon Crawl Stone Soup version 0.28-a0-984-g3775c662fe (webtiles) character file.

Game seed: 663323533741514495

141 bearlyready the Poker (level 5, -6/41 HPs)
             Began as a Merfolk Fighter on Dec 3, 2021.
             Mangled by an ogre (23 damage)
             ... on level 4 of the Dungeon.
             The game lasted 00:03:31 (2808 turns).

bearlyready the Poker (Merfolk Fighter)             Turns: 2808, Time: 00:03:31

Health: -6/41      AC:  7    Str: 18    XL:     5   Next: 24%
Magic:  5/5        EV:  9    Int:  7    God:
Gold:   139        SH:  5    Dex: 14    Spells: 4/4 levels left

rFire   . . .      SeeInvis .   a - +0 trident
rCold   . . .      Faith    .   c - +0 buckler
rNeg    . . .      Spirit   .   b - +0 scale mail
rPois   .          Reflect  .   (no helmet)
rElec   .          Harm     .   (no cloak)
rCorr   .          Rampage  .   i - +0 pair of gloves
Will    .....                   (no boots)
Stlth   ..........              (no amulet)
HPRegen 0.13/turn               m - ring of flight
MPRegen 0.09/turn               (no ring)

@: flying
A: (nimble swimmer 2), mertail
a: no special abilities


You were on level 4 of the Dungeon.
You visited 1 branch of the dungeon, and saw 4 of its levels.

You collected 139 gold pieces.

Inventory:

Hand Weapons
 a - a +0 trident (weapon)
 l - a +0 hunting sling
Missiles
 g - 49 stones (quivered)
 j - 18 poisoned darts
Armour
 b - a +0 scale mail (worn)
 c - a +0 buckler (worn)
 i - a +0 pair of gloves (worn)
Jewellery
 m - a ring of flight (left hand)
Scrolls
 e - 2 scrolls of fog {unknown}
 f - 3 scrolls of identify {unknown}
 h - a scroll of immolation
 n - a scroll of summoning {unknown}
 p - a scroll of amnesia {unknown}
Potions
 d - a potion of might
 k - a potion of brilliance {unknown}
 o - a potion of berserk rage {unknown}


   Skills:
 - Level 3.2 Fighting
 + Level 7.7 Polearms
 - Level 2.1 Armour
 - Level 3.0 Shields


You had 4 spell levels left.
You didn't know any spells.
Your spell library contained the following spells:

 Spells                   Type           Power      Damage    Failure   Level
 Inner Flame              Hex/Fire       0%         N/A       99%         3
 Cause Fear               Hex            0%         N/A       100%        4
 Discord                  Hex            0%         N/A       100%        8


Dungeon Overview and Level Annotations

Branches:
Dungeon (4/15)
 Temple: D:4-7

Altars:


Innate Abilities, Weirdness & Mutations

((You are quick and stealthy near water. (Stealth+, EV+, Speed+++)))
Your lower body shifts to a powerful aquatic tail in water.


Message History

There is a stone staircase leading up here.
You feel sick.
The scorpion stings you but does no damage.
You fly upwards.
You feel sick.
There is a stone staircase leading down here.
You hit the scorpion.
The scorpion is severely wounded.
You feel sick. The scorpion stings you.
The scorpion stings you but does no damage.
You closely miss the scorpion.
The scorpion is severely wounded.
You feel sick. You block the scorpion's attack.
You barely miss the scorpion.
The scorpion is severely wounded.
You feel sick.
You are no longer poisoned.
The scorpion stings you.
You hit the scorpion but do no damage.
The scorpion is severely wounded.
The scorpion misses you.
You hit the scorpion.
You kill the scorpion!
Your Polearms skill increases to level 7!
You have reached level 5!
You feel agile.
You start resting.
HP restored.
You start waiting.
Done waiting.
You fly downwards.
The ogre hits you with a +0 giant spiked club.
The ogre hits you with a +0 giant spiked club!!
There is a stone staircase leading up, spattered with blood here.
You hit the ogre but do no damage.
As you read the scroll labelled EMOIRGHULAOC, it crumbles to dust.
The creatures around you are filled with an inner flame!
It was a scroll of immolation.
The ogre hits you with a +0 giant spiked club!!
Ouch! That really hurt!
You die...

############
#.....O@...#
#.......$..#
#..........#
............#
##..?.......#
#....?.....#
#..........#
#........$.#
#....#######


You could see an ogre (inner flame).

Vanquished Creatures
  A scorpion (D:3)
  3 adders
  A worm (D:3)
  3 bats
  6 endoplasms
  3 giant cockroaches
  2 goblins
  8 hobgoblins
  8 jackals
  4 ball pythons
  2 frilled lizards
  3 kobolds (D:1)
  4 rats
48 creatures vanquished.

Vanquished Creatures (others)
  2 fungi (D:4)
2 creatures vanquished.

Grand Total: 50 creatures vanquished

Notes
Turn   | Place    | Note
-------+----------+-------------------------------------------
     0 | D:1      | bearlyready the Merfolk Fighter began the quest for the
                  | Orb.
     0 | D:1      | Reached XP level 1. HP: 18/18 MP: 1/1
   315 | D:1      | Reached skill level 4 in Polearms
   315 | D:1      | Reached XP level 2. HP: 24/24 MP: 2/2
  1154 | D:2      | Reached skill level 5 in Polearms
  1154 | D:2      | Reached XP level 3. HP: 21/29 MP: 3/3
  1818 | D:2      | Found a faded altar of an unknown god.
  2036 | D:3      | Reached skill level 6 in Polearms
  2050 | D:3      | Reached XP level 4. HP: 32/35 MP: 4/4
  2537 | D:4      | Noticed a scorpion
  2537 | D:4      | Noticed an ogre
  2547 | D:3      | Killed a scorpion
  2548 | D:3      | Reached skill level 7 in Polearms
  2548 | D:3      | Reached XP level 5. HP: 20/41 MP: 5/5
  2808 | D:4      | Mangled by an ogre

Illustrated notes

Levels and vault maps discovered:
D:1:      wander_arrival_desolate, layout_loops_corners
D:2:      layout_basic, ebering_ecumenical_altar_rust, wad_woods_river_04,
          corexii_leaking_fountain
D:3:      layout_rooms
D:4:      layout_rooms, lemuel_tele_altar, serial_shops, shop, serial_aquarium,
          aquarium_bridge_square [aquarium_subvault_window,
          aquarium_subvault_wall, aquarium_subvault_bridge,
          aquarium_subvault_bridge], aquarium_window_3, aquarium_window_corner,
          aquarium_window_1, aquarium_window_1, aquarium_view_2b,
          aquarium_balcony_5b, aquarium_pool_split, uniq_natasha

Skill      XL: |  1  2  3  4 |
---------------+-------------+-----
Polearms       | 4 5 6 7 |  7.7
Fighting       | |  3.2
Armour         | |  2.1
Shields        | |  3.0

Action                   |  1- 3 |  4- 6 || total
-------------------------+-------+-------++-------
Melee: Trident           |   143 |    42 ||   185
  Use: Scroll            |       |     1 ||     1
Armor: Scale mail        |    73 |    11 ||    84
Dodge: Dodged            |    59 |    12 ||    71
Block: Buckler           |    20 |     5 ||    25

Table legend: (Time is in decaauts)
 A = Elapsed time spent in this place.
 B = Non-inter-level travel time spent in this place.
 C = Inter-level travel time spent in this place.
 D = Time resting spent in this place.
 E = Time spent auto-exploring this place.
 F = Levels seen in this place.
 G = Mean time per level.
                   A        B        C        D        E       F      G
               +--------+--------+--------+--------+--------+-----+--------+
         Total |   2808 |   2653 |    155 |    402 |   1884 |   4 |  702.0 |
       Dungeon |   2808 |   2653 |    155 |    402 |   1884 |   4 |  702.0 |
               +--------+--------+--------+--------+--------+-----+--------+

Top non-repeatable levels by time:
     D:1: 1040 daAuts
     D:2: 965 daAuts
     D:3: 794 daAuts
     D:4: 7 daAuts
